 Dungeon Crawl Stone Soup version 0.31.0-1-g2c135a0 (webtiles) character file.

Game seed: 10663983773721223221

242 jagoly the Digger (level 6, -5/44 HPs)
             Began as a Human Earth Elementalist on Jan 30, 2024.
             Slain by a bullfrog (8 damage)
             ... in a sewer.
             The game lasted 00:08:25 (1000 turns).

jagoly the Digger (Human Earth Elementalist)        Turns: 1000, Time: 00:08:25

Health: -5/44      AC:  3    Str:  9    XL:     6   Next: 9%
Magic:  8/9        EV:  9    Int: 17    God:
Gold:   107        SH:  0    Dex: 13    Spells: 8/9 levels left

rFire   . . .        n - +0 spear
rCold   . . .        (no shield)
rNeg    . . .        a - +0 robe
rPois   +            m - +0 helmet
rElec   .            (no cloak)
rCorr   .            (no gloves)
SInv    .            (no boots)
Will    +....        (no amulet)
Stlth   ++           r - ring of poison resistance
HPRegen 0.27/turn    (no ring)
MPRegen 0.11/turn

%: no passive effects
@: lethally poisoned (-5 -> -7), attractive, enlightened, flying, constricted
A: explore regen
a: no special abilities


You were in a sewer.
You visited 1 branch of the dungeon, and saw 4 of its levels.
You also visited: Sewer.

You collected 107 gold pieces.

Inventory:

Hand Weapons
 e - a +0 short sword
 k - a +0 falchion
 n - a +0 spear (weapon)
 o - a +0 war axe
Missiles
 h - 6 boomerangs
Armour
 a - a +0 robe (worn)
 m - a +0 helmet (worn)
Jewellery
 r - a ring of poison resistance (left hand)
Scrolls
 g - a scroll of fear {unknown}
 i - 5 scrolls of identify {unknown}
 j - 2 scrolls of enchant armour {unknown}
 l - 2 scrolls of fog {unknown}
 p - a scroll of noise {unknown}
 q - 3 scrolls of amnesia {unknown}
 u - 5 scrolls of teleportation {unknown}
 x - a scroll of immolation {unknown}
Potions
 b - a potion of magic
 c - 2 potions of attraction
 f - a potion of degeneration {unknown}
 s - a potion of curing {unknown}
 t - a potion of mutation {unknown}
 v - a potion of invisibility {unknown}
 w - a potion of might {unknown}


   Skills:
 + Level 2.1 Fighting
 + Level 3.0 Dodging
 + Level 3.1 Stealth
 - Level 2.0 Spellcasting
 + Level 2.4 Conjurations
 * Level 4.5 Earth Magic


You had 8 spell levels left.
You knew the following spells:

 Your Spells              Type           Power      Damage    Failure   Level
a - Sandblast             Erth           34%        2d9       3%          1

Your spell library contained the following spells:

 Spells                   Type           Power      Damage    Failure   Level
 Passwall                 Erth           17%        N/A       9%          3
 Sting                    Conj/Alch      20%        1d4       12%         1
 Stone Arrow              Conj/Erth      26%        3d8       14%         3
 Apportation              Tloc           2%         N/A       19%         1
 Necrotise                Necr           4%         1d4       19%         1
 Summon Small Mammal      Summ           4%         N/A       19%         1
 Brom's Barrelling Bould  Conj/Erth      13%        2d4       43%         4
 Petrify                  Alch/Erth      9%         N/A       58%         4


Dungeon Overview and Level Annotations

Branches:
Dungeon (4/15) Zot: 23158   Sewer (1/1) Zot: 5740
 Temple: D:4-7

Altars:
Ashenzari


Innate Abilities, Weirdness & Mutations

You regain HP and MP as you explore.


Message History

Cast which spell? (? or * to list)
Aiming: Sandblast (safe; 3% risk of failure)
Press: ? - help, Shift-Dir - straight line, f - ball python
Aim: a ball python (constricting you, 80% to hit)
The blast of sand hits the ball python!
You kill the ball python!
Your unstable footing causes you to fumble your attack.
Your unstable footing causes you to fumble your attack.
The rat closely misses you. The rat barely misses you.
You hit the rat.
The rat is moderately wounded.
The rat bites you.
Your unstable footing causes you to fumble your attack.
The rat closely misses you.
You closely miss the rat.
The rat is moderately wounded.
The rat closely misses you.
Your unstable footing causes you to fumble your attack.
The rat closely misses you.
Your unstable footing causes you to fumble your attack.
The rat misses you.
Cast which spell? (? or * to list)
Aiming: Sandblast (safe; 3% risk of failure)
Press: ? - help, Shift-Dir - straight line, f - rat
Aim: a rat (moderately wounded, 82% to hit)
The blast of sand hits the rat.
You kill the rat!
Things that are here:
a rat corpse; a ball python corpse; a giant cockroach corpse Cast which spell? (? or * to list)
Aiming: Sandblast (safe; 3% risk of failure)
Press: ? - help, Shift-Dir - straight line, f - giant cockroach
Aim: a giant cockroach (wandering, hasn't noticed you, 82% to hit)
The blast of sand hits the giant cockroach!
You kill the giant cockroach!
Found a glowing drain.
There is a glowing drain here.
The world spins around you as you enter the gateway.
You enter a sewer!
Magic restored.
Found a gate leading back out of this place.
There is an empty arch of ancient stone here.
You enter the shallow water.
Moving in this stuff is going to be slow.
A rat comes into view.
A rat comes into view.
The rat squeaks loudly.
You hear a loud squeak.
A rat comes into view.
A river rat comes into view.
You hear an angry hiss.
A ball python comes into view.
The rat squeaks loudly.
A ball python comes into view.
The ball python hisses angrily.
Cast which spell? (? or * to list)
Aiming: Sandblast (safe; 3% risk of failure)
Press: ? - help, Shift-Dir - straight line, f - rat
Aim: a rat (82% to hit)
The blast of sand hits the rat!
You kill the rat!
Cast which spell? (? or * to list)
Aiming: Sandblast (safe; 3% risk of failure)
Press: ? - help, Shift-Dir - straight line, f - river rat
Aim: a river rat (80% to hit)
The blast of sand hits the river rat.
The river rat is heavily wounded.
Cast which spell? (? or * to list)
Aiming: Sandblast (safe; 3% risk of failure)
Press: ? - help, Shift-Dir - straight line, f - ball python, p - river rat
Aim: a ball python (80% to hit)
The blast of sand hits the river rat.
The river rat is heavily wounded.
A rat comes into view.
The river rat bites you. The ball python closely misses you.
The ball python grabs you. The ball python constricts you.
The ball python barely misses you. The river rat barely misses you.
Cast which spell? (? or * to list)
Aiming: Sandblast (safe; 3% risk of failure)
Press: ? - help, Shift-Dir - straight line, f - ball python, p - ball python
Aim: a ball python (constricting you, 80% to hit)
The blast of sand hits the ball python!
You kill the ball python!
The ball python misses you. The ball python closely misses you.
The rat bites you.
The rat twitches its whiskers.
The river rat bites you.
A rat comes into view.
The ball python misses you. The ball python completely misses you.
The rat bites you.
Cast which spell? (? or * to list)
Aiming: Sandblast (safe; 3% risk of failure)
Press: ? - help, Shift-Dir - straight line, f - river rat
Aim: a river rat (heavily wounded, 80% to hit)
The blast of sand hits the river rat!
You kill the river rat!
The rat squeaks loudly.
The rat splashes around in the water.
The ball python barely misses you. x2
The rat splashes around in the water.
The rat bites you.
Your Stealth skill increases to level 3!
Cast which spell? (? or * to list)
Aiming: Sandblast (safe; 3% risk of failure)
Press: ? - help, Shift-Dir - straight line, f - ball python
Aim: a ball python (80% to hit)
The blast of sand misses the ball python.
The ball python closely misses you. x2; The rat bites you but does no damage.
The ball python barely misses you. The ball python grabs you.
The ball python constricts you. The rat bites you. The rat barely misses you.
Cast which spell? (? or * to list)
Aiming: Sandblast (safe; 3% risk of failure)
Press: ? - help, Shift-Dir - straight line, f/p - ball python
Aim: a ball python (constricting you, 80% to hit)
The blast of sand hits the ball python!
You kill the ball python!
The rat closely misses you.
The rat bites you but does no damage. x3
Cast which spell? (? or * to list)
Aiming: Sandblast (safe; 3% risk of failure)
Press: ? - help, Shift-Dir - straight line, f - rat
Aim: a rat (82% to hit)
The blast of sand misses the rat.
The blast of sand hits the rat!
You kill the rat!
The rat misses you.
A rat comes into view.
The rat closely misses you. The rat bites you but does no damage.
The rat bites you.
Cast which spell? (? or * to list)
Aiming: Sandblast (safe; 3% risk of failure)
Press: ? - help, Shift-Dir - straight line, f - rat
Aim: a rat (82% to hit)
The blast of sand hits the rat!
You kill the rat!
The rat barely misses you. The rat closely misses you.
A river rat comes into view.
The rat bites you but does no damage. The rat completely misses you.
The rat misses you.
Cast which spell? (? or * to list)
Aiming: Sandblast (safe; 3% risk of failure)
Press: ? - help, Shift-Dir - straight line The blast of sand hits the rat!
You kill the rat!
Reach: n) +0 spear
Press: ? - help, Dir - move target, f - rat
Aim: a rat (about 41% to evade your +0 spear)
You hit the rat.
You kill the rat!
Throw: 6 boomerangs
Press: ? - help, Shift-Dir - straight line, f - river rat
Aim: a river rat (47% to hit)
You throw a boomerang.
The boomerang closely misses the river rat.
Throw: 6 boomerangs
Press: ? - help, Shift-Dir - straight line, f/p - river rat
Aim: a river rat (water, 47% to hit)
You throw a boomerang.
The boomerang hits the river rat but does no damage.
Cast which spell? (? or * to list)
Aiming: Sandblast (safe; 3% risk of failure)
Press: ? - help, Shift-Dir - straight line, f/p - river rat
Aim: a river rat (water, 80% to hit)
The blast of sand hits the river rat!
You kill the river rat!
Throw: 6 boomerangs
Press: ? - help, Shift-Dir - straight line, f - rat
Aim: a rat (52% to hit)
You throw a boomerang.
The boomerang hits the rat but does no damage.
Reach: n) +0 spear
Press: ? - help, Dir - move target, f/p - rat
Aim: a rat (about 41% to evade your +0 spear)
You reach to attack!
You barely miss the rat.
Reach: n) +0 spear
Press: ? - help, Dir - move target, f/p - rat
Aim: a rat (about 41% to evade your +0 spear)
You hit the rat.
You kill the rat!
You enter the shallow water.
Moving in this stuff is going to be slow.
A rat comes into view.
The rat moves out of view.
A rat comes into view.
The rat squeaks loudly.
You barely miss the rat.
The rat squeaks loudly.
The rat closely misses you.
Cast which spell? (? or * to list)
Aiming: Sandblast (safe; 3% risk of failure)
Press: ? - help, Shift-Dir - straight line, f - rat
Aim: a rat (82% to hit)
The blast of sand hits the rat!
You kill the rat!
The rat bites you but does no damage.
Cast which spell? (? or * to list)
Aiming: Sandblast (safe; 3% risk of failure)
Press: ? - help, Shift-Dir - straight line, f - rat
Aim: a rat (82% to hit)
The blast of sand hits the rat but does no damage.
The rat completely misses you.
Cast which spell? (? or * to list)
Aiming: Sandblast (safe; 3% risk of failure)
Press: ? - help, Shift-Dir - straight line, f/p - rat
Aim: a rat (82% to hit)
The blast of sand hits the rat!
You kill the rat!
You enter the shallow water.
Moving in this stuff is going to be slow.
Why would you want to do that? Why would you want to do that?
You enter the shallow water.
Moving in this stuff is going to be slow.
A rat comes into view. 2 rats come into view.
A rat comes into view.
The rat squeaks loudly. x2; You hear a loud squeak.
A rat comes into view. x2
Cast which spell? (? or * to list)
Aiming: Sandblast (safe; 3% risk of failure)
Press: ? - help, Shift-Dir - straight line, f - rat
Aim: a rat (82% to hit)
The blast of sand hits the rat!
You kill the rat!
The rat squeaks loudly. x3; You hear a loud squeak.
Cast which spell? (? or * to list)
Aiming: Sandblast (safe; 3% risk of failure)
Press: ? - help, Shift-Dir - straight line, f - rat
Aim: a rat (82% to hit)
The blast of sand hits the rat!
You kill the rat!
Cast which spell? (? or * to list)
Aiming: Sandblast (safe; 3% risk of failure)
Press: ? - help, Shift-Dir - straight line, f - rat
Aim: a rat (82% to hit)
The blast of sand hits the rat.
You kill the rat!
Cast which spell? (? or * to list)
Aiming: Sandblast (safe; 3% risk of failure)
Press: ? - help, Shift-Dir - straight line, f - rat
Aim: a rat (82% to hit)
The blast of sand hits the rat!
You kill the rat!
Cast which spell? (? or * to list)
Aiming: Sandblast (safe; 3% risk of failure)
Press: ? - help, Shift-Dir - straight line, f - rat
Aim: a rat (82% to hit)
The blast of sand hits the rat but does no damage.
Cast which spell? (? or * to list)
Aiming: Sandblast (safe; 3% risk of failure)
Press: ? - help, Shift-Dir - straight line, f/p - rat
Aim: a rat (82% to hit)
The blast of sand hits the rat!
You kill the rat!
You hit the rat.
You kill the rat!
Your Fighting skill increases to level 2!
Things that are here:
a rat corpse; a rat corpse You see here a rat corpse.
A rat comes into view.
A ball python comes into view.
The ball python hisses angrily.
You hear a loud squeak.
A rat and a river rat come into view.
The river rat squeaks loudly.
Cast which spell? (? or * to list)
Aiming: Sandblast (safe; 3% risk of failure)
Press: ? - help, Shift-Dir - straight line, f - ball python
Aim: a ball python (80% to hit)
The blast of sand hits the ball python!
You kill the ball python!
The rat barely misses you.
Cast which spell? (? or * to list)
Aiming: Sandblast (safe; 3% risk of failure)
Press: ? - help, Shift-Dir - straight line, f - rat
Aim: a rat (82% to hit)
The blast of sand hits the rat!
You kill the rat!
Cast which spell? (? or * to list)
Aiming: Sandblast (safe; 3% risk of failure)
Press: ? - help, Shift-Dir - straight line, f - river rat
Aim: a river rat (80% to hit)
The blast of sand hits the river rat but does no damage.
Cast which spell? (? or * to list)
Aiming: Sandblast (safe; 3% risk of failure)
Press: ? - help, Shift-Dir - straight line, p - river rat The blast of sand misses the river rat.
The blast of sand hits the rat!
You kill the rat!
The river rat bites you.
Cast which spell? (? or * to list)
Aiming: Sandblast (safe; 3% risk of failure)
Press: ? - help, Shift-Dir - straight line The blast of sand hits the river rat!
The river rat is severely wounded.
The river rat bites you. x2
Cast which spell? (? or * to list)
Aiming: Sandblast (safe; 3% risk of failure)
Press: ? - help, Shift-Dir - straight line The blast of sand hits the river rat!
You kill the river rat!
Your Dodging skill increases to level 3!
You open the door.
Found three items.
There is an open door here.
j - 2 scrolls labelled WUOKUPS BUMADGH (gained 1)
v - a sedimented black potion
u - 4 scrolls labelled FIYRRA COTONI (gained 1)
There is an open door here.
You enter the shallow water.
Moving in this stuff is going to be slow.
Why would you want to do that?
You enter the shallow water.
Moving in this stuff is going to be slow.
Found 18 gold pieces and a sedimented brown potion.
Why would you want to do that? Why would you want to do that?
You now have 107 gold pieces (gained 18).
w - a sedimented brown potion A rat comes into view.
You enter the shallow water.
Moving in this stuff is going to be slow.
A rat comes into view. 2 rats come into view.
The rat squeaks loudly. x3; You hear an angry hiss.
A ball python comes into view.
You hear an angry hiss.
You hear a loud squeak. x2
Cast which spell? (? or * to list)
Aiming: Sandblast (safe; 3% risk of failure)
Press: ? - help, Shift-Dir - straight line, f - rat
Aim: a rat (82% to hit)
The blast of sand hits the rat.
You kill the rat!
Cast which spell? (? or * to list)
Aiming: Sandblast (safe; 3% risk of failure)
Press: ? - help, Shift-Dir - straight line, f - rat
Aim: a rat (82% to hit)
The blast of sand hits the rat!
You kill the rat!
Cast which spell? (? or * to list)
Aiming: Sandblast (safe; 3% risk of failure)
Press: ? - help, Shift-Dir - straight line, f - ball python
Aim: a ball python (80% to hit)
The blast of sand hits the rat.
You kill the rat!
A rat comes into view.
The ball python bites you but does no damage.
The ball python barely misses you.
Cast which spell? (? or * to list)
Aiming: Sandblast (safe; 3% risk of failure)
Press: ? - help, Shift-Dir - straight line, f/p - ball python
Aim: a ball python (water, 80% to hit)
The blast of sand hits the ball python!
You kill the ball python!
A river rat comes into view.
Cast which spell? (? or * to list)
Aiming: Sandblast (safe; 3% risk of failure)
Press: ? - help, Shift-Dir - straight line, f - rat
Aim: a rat (82% to hit)
The blast of sand hits the rat!
You kill the rat!
The river rat squeaks loudly.
Reach: n) +0 spear
Press: ? - help, Dir - move target, f - rat
Aim: a rat (about 40% to evade your +0 spear)
You reach to attack!
You hit the rat.
You kill the rat!
Cast which spell? (? or * to list)
Aiming: Sandblast (safe; 3% risk of failure)
Press: ? - help, Shift-Dir - straight line, f - river rat
Aim: a river rat (80% to hit)
The blast of sand hits the river rat.
The river rat is moderately wounded.
A rat comes into view.
Cast which spell? (? or * to list)
Aiming: Sandblast (safe; 3% risk of failure)
Press: ? - help, Shift-Dir - straight line, f/p - river rat
Aim: a river rat (moderately wounded, 80% to hit)
The blast of sand hits the river rat!
You kill the river rat!
The rat squeaks loudly.
You have reached level 6!
The rat splashes around in the water.
Things that are here:
a rat corpse; a rat corpse A ball python comes into view.
The rat splashes around in the water.
You hit the rat.
You kill the rat!
A ball python comes into view.
Cast which spell? (? or * to list)
Aiming: Sandblast (safe; 3% risk of failure)
Press: ? - help, Shift-Dir - straight line, f - ball python
Aim: a ball python (wandering, hasn't noticed you, 80% to hit)
The blast of sand hits the ball python!
You kill the ball python!
The ball python hisses angrily.
Cast which spell? (? or * to list)
Aiming: Sandblast (safe; 3% risk of failure)
Press: ? - help, Shift-Dir - straight line, f/p - ball python
Aim: a ball python (80% to hit)
The blast of sand hits the ball python!
You kill the ball python!
You see here a ball python corpse.
An adder comes into view.
The adder moves out of view.
You open the door.
Found three items.
Cast which spell? (? or * to list)
Aiming: Sandblast (safe; 3% risk of failure)
Press: ? - help, Shift-Dir - straight line, f - adder
Aim: an adder (wandering, hasn't noticed you, 70% to hit)
The blast of sand misses the adder.
The adder hisses angrily.
Cast which spell? (? or * to list)
Aiming: Sandblast (safe; 3% risk of failure)
Press: ? - help, Shift-Dir - straight line, f/p - adder
Aim: an adder (70% to hit)
The blast of sand misses the adder.
The adder bites you.
Cast which spell? (? or * to list)
Aiming: Sandblast (safe; 3% risk of failure)
Press: ? - help, Shift-Dir - straight line, f/p - adder
Aim: an adder (70% to hit)
The blast of sand hits the adder.
The adder is moderately wounded.
The adder misses you. x2
Cast which spell? (? or * to list)
Aiming: Sandblast (safe; 3% risk of failure)
Press: ? - help, Shift-Dir - straight line, f/p - adder
Aim: an adder (moderately wounded, 70% to hit)
The blast of sand hits the adder!
You kill the adder!
There is an open door here.
u - 5 scrolls labelled FIYRRA COTONI (gained 1)
x - a scroll labelled GOITINALIG
l - 2 scrolls labelled TUVIQUF ROMO (gained 1)
There is an open door here.
You enter the shallow water.
Moving in this stuff is going to be slow.
Why would you want to do that? Why would you want to do that?
You enter the shallow water.
Moving in this stuff is going to be slow.
A ball python comes into view.
Why would you want to do that?
An adder comes into view. 2 ball pythons and 2 adders come into view.
The adder hisses angrily. x2; You hear a croak.
The ball python hisses angrily.
A bullfrog comes into view. x2; An adder comes into view.
The bullfrog croaks.
The adder hisses angrily.
You hear an angry hiss.
The adder bites you but does no damage. The adder bites you.
The ball python barely misses you. The ball python grabs you.
The ball python constricts you. The bullfrog hits you.
The adder barely misses you.
Okay, then.
Okay, then.
Cast which spell? (? or * to list)
Aiming: Sandblast (safe; 3% risk of failure)
Press: ? - help, Shift-Dir - straight line, f - ball python
Aim: a ball python (water, constricting you, 80% to hit)
The blast of sand hits the ball python!
You kill the ball python!
The ball python hisses angrily.
The bullfrog barely misses you. The bullfrog hits you. The adder misses you.
The adder bites you but does no damage. The bullfrog misses you.
The adder bites you.
You are poisoned.
The adder poisons you! The bullfrog hits you.
Cast which spell? (? or * to list)
Aiming: Sandblast (safe; 3% risk of failure)
Press: ? - help, Shift-Dir - straight line, f - adder
Aim: an adder (water, 70% to hit)
The blast of sand hits the adder!
The adder is severely wounded.
The adder hisses angrily.
You feel sick.
The bullfrog hits you but does no damage.
The bullfrog hits you.
The adder barely misses you. x2; The adder bites you.
* * * LOW HITPOINT WARNING * * *
The bullfrog hits you.
* * * LOW HITPOINT WARNING * * *
The ball python closely misses you. The ball python misses you.
The bullfrog barely misses you. The adder bites you.
* * * LOW HITPOINT WARNING * * *
The adder barely misses you. The adder bites you.
* * * LOW HITPOINT WARNING * * *
The bullfrog barely misses you.
The ball python bites you but does no damage.
The ball python grabs you. The ball python constricts you.
* * * LOW HITPOINT WARNING * * *
The bullfrog closely misses you.
It was a potion of attraction.
You feel attractive to monsters.
You feel sick. The adder barely misses you. x3
The bullfrog barely misses you.
The bullfrog hits you but does no damage.
The ball python bites you but does no damage.
The ball python constricts you.
* * * LOW HITPOINT WARNING * * *
The adder bites you but does no damage. The adder bites you.
* * * LOW HITPOINT WARNING * * *
The ball python is attracted toward you.
It was a potion of enlightenment.
You feel very buoyant.
You fly up into the air.
You feel sick. The adder bites you.
* * * LOW HITPOINT WARNING * * *
The bullfrog closely misses you. The bullfrog hits you!
You die...

#≈≈≈~~~#####
#≈†≈†≈
#≈≈≈~~≈#
#≈≈~~~
#≈~≈~~≈#
#≈~~≈~
#≈≈~~≈≈#
#~~≈≈≈
#≈≈~≈≈≈#
#~~~≈≈
#~#~~≈≈#
#≈~~..
#~~#≈≈≈#
#≈~..~
#~.S≈≈≈#
##.~~.
#S@S≈≈≈#
#≈≈≈~~
#SFF~≈≈#
#≈≈~~≈
#≈SS≈~≈#
#≈~≈~~
#≈≈§~~≈#
#~~~~~
#≈≈≈~≈≈#
#~~≈≈≈
#≈≈~~~≈#
#~~≈≈≈
#~≈~≈≈~#
#~~~≈≈
#.~.~~##
#.~..~
#......
#.....


You could see 2 bullfrogs, 4 adders and 2 ball pythons.

Vanquished Creatures
  A phantom (D:4)
  A hound (D:3)
  4 adders
  4 river rats (Sewer)
  An adder zombie (D:4)
  A ribbon worm (D:3)
  5 endoplasms
  3 giant cockroaches (D:4)
  A goblin (D:4)
  A hobgoblin (D:1)
  A jackal (D:4)
  9 ball pythons
  3 bats
  4 frilled lizards
  A jackal zombie (D:4)
  5 kobolds
  26 rats
71 creatures vanquished.

Notes
Turn   | Place    | Note
-------+----------+-------------------------------------------
     0 | D:1      | jagoly the Human Earth Elementalist began the quest for the
                  | Orb.
     0 | D:1      | Reached XP level 1. HP: 13/13 MP: 3/3
   186 | D:1      | Reached XP level 2. HP: 19/19 MP: 1/5
   354 | D:4      | Noticed a phantom
   378 | D:3      | Reached skill level 1 in Fighting
   378 | D:3      | Reached XP level 3. HP: 4/26 MP: 0/6
   393 | D:2      | Reached XP level 4. HP: 11/32 MP: 0/7
   576 | D:3      | Found a broken altar of Ashenzari.
   737 | D:4      | Killed a phantom
   738 | D:4      | Reached skill level 4 in Earth Magic
   738 | D:4      | Reached XP level 5. HP: 35/38 MP: 2/8
   799 | D:4      | Found a glowing drain.
   803 | Sewer    | Entered a sewer
   950 | Sewer    | Reached XP level 6. HP: 44/44 MP: 2/9
  1000 | Sewer    | Slain by a bullfrog

Illustrated notes

Levels and vault maps discovered:
D:1:      dpeg_arrival_houses_and_road, layout_basic, skrybe_limestone_x,
          minmay_split_cup_small
D:2:      layout_rooms, serial_shops, shop
D:3:      layout_loops_ring, nicolae_ashenzari_skybound, moated_statue,
          dk_noncrumbling_2, st_stairs_2
D:4:      layout_rooms, nicolae_ru_path_of_blood,
          mainiacjoe_sewer_entry_somewhere_in_here_2, serial_undead,
          serial_undead_c, serial_undead_f, serial_undead_a, serial_undead_a,
          serial_undead_a, serial_undead_f, minmay_joined_circles
Sewer:    sewer_minmay_w

Skill      XL: |  1  2  3  4  5 |
---------------+----------------+-----
Fighting       | 1 2 |  2.1
Conjurations   | 2 |  2.4
Earth Magic    | 4 |  4.5
Stealth        | 3 |  3.1
Dodging        | 3 |  3.0
Spellcasting   | |  2.0

Action                     |  1- 3 |  4- 6 || total
---------------------------+-------+-------++-------
  Melee: Unarmed           |     7 |       ||     7
         Spear             |    21 |    39 ||    60
  Throw: Boomerang         |       |     3 ||     3
   Cast: Sandblast         |    26 |    72 ||    98
    Use: Potion            |       |     2 ||     2
 Armour: Robe              |    33 |    67 ||   100
  Dodge: Dodged            |    37 |    81 ||   118
